 Dungeon Crawl Stone Soup version 0.31.0-11-ge490571c62 (webtiles) character file.

Game seed: 12480787640534747008

3453 hawla the Mimic (level 9, 0/43 HPs)
             Began as a Felid Shapeshifter on Jan 27, 2024.
             Was a Priest of Makhleb.
             Slain by a vampire (11 damage)
             ... on level 8 of the Dungeon.
             The game lasted 00:13:25 (7584 turns).

hawla the Mimic (Felid Shapeshifter)                Turns: 7584, Time: 00:13:25

Health: 0/43       AC:  2    Str: 14    XL:     9   Next: 78%
Magic:  14/14      EV: 23    Int: 14    God:    Makhleb [***...]
Gold:   496        SH:  0    Dex: 16    Spells: 8/8 levels left
                                        Lives:  0   Deaths: 3

rFire   . .          .
                       - Unarmed
rCold   . . .        (shield unavailable)
rNeg    . . .        (body armour unavailable)
rPois   .            (helmet unavailable)
rElec   .            (cloak unavailable)
rCorr   .            (gloves unavailable)
SInv    +            (boots unavailable)
Will    +....        a - amulet of regeneration
Stlth   +            q - ring of flight
HPRegen 1.07/turn    (no ring)
MPRegen 0.14/turn

%: no passive effects
@: flux-form, flying, glowing
A: glow, contaminating, very small, claws 1, fangs 3, see invisible, shaggy fur
2, stealthy paws, no weapons or thrown items, no armour, multi-lived
a: Begin Untransformation, Renounce Religion, Minor Destruction, Lesser Servant
of Makhleb


You were on level 8 of the Dungeon.
You worshipped Makhleb.
Makhleb was most pleased with you.
You were something dangerously unstable.
You visited 2 branches of the dungeon, and saw 10 of its levels.

You collected 496 gold pieces.

Inventory:

Jewellery
 a - an amulet of regeneration (around neck)
 p - a ring of ice
 q - a ring of flight (left paw)
Talismans
 b - a beast talisman
 c - a flux talisman (active)
Wands
 d - a wand of mindburst (18) (quivered)
 l - a wand of digging (11)
Scrolls
 e - a scroll of teleportation
 g - a scroll of immolation
 i - 2 scrolls of fear
 j - 2 scrolls of fog
 n - a scroll of enchant armour {unknown}
 o - a scroll of noise {unknown}
Potions
 f - a potion of lignification
 h - 2 potions of mutation
 k - 2 potions of degeneration
 m - 2 potions of attraction


   Skills:
 + Level 2.9 Fighting
 - Level 5.0 Dodging
 - Level 3.0 Stealth
 - Level 7.0 Unarmed Combat
 - Level 6.0 Invocations
 - Level 8.6 Shapeshifting


You had 8 spell levels left.
You didn't know any spells.
Your spell library was empty.

Dungeon Overview and Level Annotations

Branches:
Dungeon (9/15)             Temple (1/1) D:4
   Lair: D:8-11         Orc: D:9-12

Altars:
Ashenzari
Cheibriados
Elyvilon
Fedhas
Gozag
Hepliaklqana
Kikubaaqudgha
Makhleb
Nemelex Xobeh
Okawaru
Qazlal
Sif Muna
Trog
Uskayaw
Vehumet
Wu Jian
Xom
Yredelemnul
Zin
The Shining One

Shops:
D:6 :


Innate Abilities, Weirdness & Mutations

You are something dangerously unstable.
You glow with magical radiation, making you easy to see and hit.
Foes you strike become dangerously contaminated with magical radiation.
You have sharp claws.
You have razor-sharp teeth.
You have supernaturally acute eyesight. (SInv)
You are covered in thick fur. (AC +2)
Your paws help you pounce on unaware monsters.
You are incapable of wielding weapons or throwing items.
You cannot wear armour.
You gain extra lives every three experience levels.


Message History

The bullfrog hits you. The bullfrog attacks as it pursues you!
The bullfrog hits you. The bullfrog closely misses you.
There is a stone staircase leading up, spattered with blood here.
The bullfrog closely misses you. The bullfrog completely misses you.
You fly upwards.
There is a stone staircase leading down here.
You barely miss the bullfrog. The bullfrog misses you.
You completely miss the bullfrog. The bullfrog barely misses you.
You barely miss the bullfrog. The bullfrog misses you.
You scratch the bullfrog.
The bullfrog begins to glow.
The bullfrog is lightly wounded.
The bullfrog barely misses you. The bullfrog closely misses you.
You scratch the bullfrog.
The bullfrog glows dangerously bright.
The bullfrog is moderately wounded.
The bullfrog barely misses you.
You scratch the bullfrog.
The bullfrog shudders as magic cascades through it!
You kill the bullfrog!
Makhleb accepts your kill.
No target in view!
You fly downwards.
The vampire hits you. The vampire bites you.
The vampire draws strength from your injuries!
The vampire closely misses you. The vampire bites you.
The vampire draws strength from your injuries!
The steam dragon breathes steam at you. The ball of steam hits you!!
There is a stone staircase leading up, spattered with blood here.
You are engulfed in a cloud of scalding steam.
* * * LOW HITPOINT WARNING * * *
The vampire barely misses you. The vampire closely misses you.
You fly upwards.
There is a stone staircase leading down here.
You closely miss the vampire. The vampire hits you.
* * * LOW HITPOINT WARNING * * *
The vampire misses you.
You scratch the vampire.
The vampire begins to glow.
The vampire is lightly damaged.
The vampire hits you!
You die...

##.#...# #.# #..........# #.#...#
###.# #.......##.. #.##### #...#
###########. ##'## ####...#### #.
##...## #.........# #. ##.....##
#.###.###.# ### #. #......>##
#.#.#.# #.# ##.###.
.........###...†.###.######...##.
......÷..'......p................
.........###...V.###.#######..##.
#.......## #.#)#.###.# #8_8#.###.
##.....## #.........# #...### #.
##...## #####.##### #...#####.
##'## #.# ##.##..... #.# #.#####
#...###### #.#######
#.#...###...# ####.##....##
#.#.#..##...#


You could see a vampire (contam).

Vanquished Creatures
  A wyvern (D:9)
  2 steam dragons (D:8)
  2 orc warriors
  A black bear (D:6)
  2 ice beasts (D:7)
  A sky beast (D:8)
  3 centaurs
  4 ogres
  3 bullfrogs
  A kobold brigand (D:8)
  4 scorpions
  10 wights
  A howler monkey (D:5)
  2 electric eels (D:6)
  2 bombardier beetles
  4 hounds
  An orc priest (D:6)
  2 jellies
  A gnoll bouda (D:7)
  3 iguanas
  A sleepcap (D:6)
  2 orc wizards
  15 gnolls
  4 adders
  A white imp (D:6)
  A ribbon worm (D:3)
  2 dart slugs (D:1)
  22 orcs
  6 ball pythons
  3 bats
  6 endoplasms
  5 giant cockroaches
  10 goblins
  13 hobgoblins
  5 quokkas
  2 frilled lizards (D:2)
  46 kobolds
  6 rats
200 creatures vanquished.

Notes
Turn   | Place    | Note
-------+----------+-------------------------------------------
     0 | D:1      | hawla the Felid Shapeshifter began the quest for the Orb.
     0 | D:1      | Reached XP level 1. HP: 10/10 MP: 2/2
   127 | D:1      | Reached XP level 2. HP: 11/14 MP: 3/3
   823 | D:1      | Reached XP level 3. HP: 17/18 MP: 4/4
   993 | D:2      | Found a shimmering blue altar of Sif Muna.
  1536 | D:3      | Noticed an ogre
  1542 | D:3      | Reached XP level 4. HP: 22/22 MP: 5/5
  1542 | D:3      | Gained a life (2 lives remaining)
  1563 | D:3      | HP: 1/22 [orc/+0 trident (5)]
  1567 | D:3      | Reached skill level 5 in Unarmed Combat
  1743 | D:3      | Slain by an ogre
  1743 | D:3      | Lost a life (1 life remaining)
  1825 | D:3      | Killed an ogre
  1826 | D:3      | Reached XP level 5. HP: 25/25 MP: 6/6
  2163 | D:3      | Found a faded altar of an unknown god.
  2166 | D:3      | Found a broken altar of Ashenzari.
  2377 | D:4      | Gained mutation: You are covered in thick fur. (AC +2)
                  | [Felid growth]
  2377 | D:4      | Reached XP level 6. HP: 30/30 MP: 7/7
  2435 | D:4      | Found a staircase to the Ecumenical Temple.
  2443 | Temple   | Entered the Ecumenical Temple
  2454 | Temple   | Became a worshipper of Makhleb the Destroyer
  2656 | D:4      | Reached skill level 1 in Stealth
  2878 | D:5      | Entered Level 5 of the Dungeon
  2936 | D:5      | Identified the +4 halberd "Azasikuus" {flame, rF+ Str-3
                  | Dex+2}
  3027 | D:5      | Reached XP level 7. HP: 30/33 MP: 8/8
  3027 | D:5      | Gained a life (2 lives remaining)
  3213 | D:5      | Reached skill level 5 in Dodging
  3325 | D:5      | Reached skill level 3 in Shapeshifting
  3479 | D:5      | Reached * piety under Makhleb
  3584 | D:5      | Reached skill level 4 in Shapeshifting
  3780 | D:5      | Slain by a bullfrog
  3780 | D:5      | Lost a life (1 life remaining)
  3828 | D:5      | Slain by an orc warrior
  3828 | D:5      | Lost a life (0 lives remaining)
  3931 | D:5      | Reached skill level 5 in Shapeshifting
  4029 | D:6      | Found Qahu's Self-Improvement Boutique.
  4037 | D:6      | Reached XP level 8. HP: 31/37 MP: 9/9
  4431 | D:6      | Reached skill level 6 in Shapeshifting
  4819 | D:6      | Reached ** piety under Makhleb
  5186 | D:6      | Reached skill level 7 in Shapeshifting
  5564 | D:7      | HP: 1/37 [acid (8)]
  5602 | D:7      | Reached *** piety under Makhleb
  5603 | D:7      | Reached skill level 8 in Shapeshifting
  5692 | D:7      | Reached XP level 9. HP: 25/41 MP: 10/10
  6462 | D:8      | Reached skill level 1 in Invocations
  7252 | D:8      | Found an opulent altar of Gozag.
  7324 | D:8      | Reached skill level 5 in Invocations
  7584 | D:8      | Slain by a vampire

Illustrated notes

Levels and vault maps discovered:
D:1:      elethiomel_arrival_fortress_basement, layout_basic
D:2:      layout_loops_ring, basic_altar
D:3:      layout_basic, nicolae_overflow_ecumenical_swirl,
          minmay_misc_feat_four_crosses, kennysheep_path_1
D:4:      layout_basic, minmay_temple_entry_tees
D:5:      layout_loops_corners, minmay_misc_feat_rows
D:6:      minmay_goblin_kobold_castle, layout_layer_cave, minivault_25,
          minmay_misc_feat_tower, nicolae_shop_self_help
D:7:      layout_basic
D:8:      layout_loops_corners, grunt_gozag_breadcrumbs, chequers_avenue,
          kennysheep_pointless_box
D:9:      layout_roguey, grunt_temple_overflow_diamond, minmay_bent, uniq_maggie
Temple:   nicolae_temple_bog_church

Skill      XL: |  1  2  3  4  5  6  7  8  9 |
---------------+----------------------------+-----
Unarmed Combat | 4 5 6 7 |  7.0
Stealth        | 3 |  3.0
Dodging        | 4 5 |  5.0
Shapeshifting  | 5 8 |  8.6
Invocations    | 6 |  6.0
Fighting       | 2 |  2.9

Action                     |  1- 3 |  4- 6 |  7- 9 || total
---------------------------+-------+-------+-------++-------
  Melee: Unarmed           |    77 |   123 |   360 ||   560
         Bite              |     9 |     9 |    39 ||    57
         Punch             |     1 |     7 |    11 ||    19
  Evoke: Wand              |       |       |     5 ||     5
    Use: Scroll            |     4 |     4 |     5 ||    13
         Potion            |       |     3 |     2 ||     5
   Stab: Sleeping          |     4 |     1 |     4 ||     9
         Distracted        |     1 |       |     1 ||     2
         Invisible         |       |     2 |       ||     2
 Armour: Skin              |    22 |    51 |   143 ||   216
  Dodge: Dodged            |    65 |   123 |   341 ||   529
   Form: Flux              |       |       |     1 ||     1
